 Dungeon Crawl Stone Soup version 0.26.1-11-gd32895ea62 (webtiles) character file.

Game seed: 11789943235516318936

77 bigdumb the Poker (level 4, -4/37 HPs)
             Began as a Merfolk Fighter on June 17, 2021.
             Was a Follower of Zin.
             Slain by a gnoll
             ... wielding a +0 halberd
              (6 damage)
             ... on level 3 of the Dungeon.
             The game lasted 00:03:07 (2724 turns).

bigdumb the Poker (Merfolk Fighter)                 Turns: 2724, Time: 00:03:09

Health: -4/37      AC:  3    Str: 17    XL:     4   Next: 33%
Magic:  4/4        EV: 10    Int:  7    God:    Zin [*.....]
Gold:   162        SH:  9    Dex: 13    Spells: 3/3 levels left

rFire    . . .     SeeInvis .   a - +0 trident
rCold    . . .     Faith    .   c - +0 kite shield
rNeg     . . .     Spirit   .   h - +0 leather armour
rPois    .         Reflect  .   (no helmet)
rElec    .         Harm     .   (no cloak)
rCorr    .         Rampage  .   (no gloves)
Will     .....                  (no boots)
Stlth    +.........             (no amulet)
HPRegen  0.12/turn              (no ring)
MPRegen  0.09/turn              (no ring)

@: mighty
A: change form in water, swift swim, stealthy swim
a: Renounce Religion, Recite, Donate Gold


You were on level 3 of the Dungeon.
You worshipped Zin.
Zin was aware of your devotion.
You visited 1 branch of the dungeon, and saw 3 of its levels.

You collected 180 gold pieces.
You donated 18 gold pieces to Zin.

Inventory:

Hand Weapons
 a - a +0 trident (weapon)
Armour
 b - a +0 scale mail
 c - a +0 kite shield (worn)
 h - a +0 leather armour (worn)
Jewellery
 o - a +6 ring of dexterity {unknown}
Scrolls
 e - 11 scrolls of identify {unknown}
 i - 2 scrolls of teleportation {unknown}
 j - 2 scrolls of enchant armour {unknown}
 l - a scroll of fog {unknown}
 m - a scroll of enchant weapon {unknown}
 p - a scroll of amnesia {unknown}
 s - a scroll of remove curse {unknown}
Potions
 d - a potion of might
 f - a potion of flight {unknown}
 g - 3 potions of heal wounds {unknown}
 k - 3 potions of curing {unknown}
 n - a potion of mutation {unknown}
 q - a potion of lignification {unknown}


   Skills:
 + Level 3.8 Fighting
 + Level 4.3 Polearms
 - Level 2.1 Armour
 * Level 2.1 Dodging
 + Level 3.6 Shields


You had 3 spell levels left.
You didn't know any spells.
Your spell library was empty.

Dungeon Overview and Level Annotations

Branches:
Dungeon (3/15)

Altars:
Zin

Shops:
D:2 *


Message History

You block the hound's attack. The hound closely misses you.
The gnoll hits you from afar with a +0 halberd!
You hit the hound.
The hound is moderately wounded.
The hound bites you but does no damage. You block the hound's attack. x2
The hound closely misses you.
The gnoll hits you from afar with a +0 halberd!
* * * LOW HITPOINT WARNING * * *
You hit the hound.
The hound is severely wounded.
You block the hound's attack. x2; The hound bites you.
* * * LOW HITPOINT WARNING * * *
The gnoll barely misses you. The hound bites you.
* * * LOW HITPOINT WARNING * * *
You feel very mighty all of a sudden. The hound bites you.
* * * LOW HITPOINT WARNING * * *
You block the hound's attack.
The gnoll hits you from afar with a +0 halberd.
You die...

####'########## #
#..P.P.......# #
#............#######
###....+.....'......
#.####.....#######
#.# #............
#g# #.......####.#
#h# #.........<#..
#######@#
#........###..
#......h#
#......#......
#.#######
##............
#.....##.....
####### ..... ..


You could see 2 hounds and a gnoll.

Vanquished Creatures
  3 adders (D:2)
  A worm (D:2)
  3 orcs
  A ball python (D:3)
  5 giant cockroaches
  4 goblins
  3 hobgoblins
  2 jackals (D:3)
  4 kobolds
  A quokka (D:3)
  5 bats
  5 frilled lizards
  5 rats
42 creatures vanquished.

Notes
Turn   | Place    | Note
-------+----------+-------------------------------------------
     0 | D:1      | bigdumb the Merfolk Fighter began the quest for the Orb.
     0 | D:1      | Reached XP level 1. HP: 18/18 MP: 1/1
   197 | D:1      | Reached XP level 2. HP: 20/24 MP: 2/2
   257 | D:1      | Reached skill level 1 in Dodging
   542 | D:2      | Found Zin's Purification Station.
   542 | D:2      | Found a glowing silver altar of Zin.
   622 | D:2      | Became a worshipper of Zin the Law-Giver
   622 | D:2      | Reached * piety under Zin
   789 | D:2      | Reached XP level 3. HP: 18/30 MP: 3/3
  1649 | D:2      | Reached skill level 4 in Polearms
  1736 | D:2      | Reached XP level 4. HP: 13/37 MP: 4/4
  2724 | D:3      | Slain by a gnoll

Illustrated notes

Levels and vault maps discovered:
D:1:      erik_arrival_orb_chamber, layout_basic
D:2:      layout_basic, zin_purify, serial_forest,
          infiniplex_forest_lined_3_way, infiniplex_forest_clump_small,
          infiniplex_forest_lined_corner, infiniplex_forest_lined_3_way,
          infiniplex_forest_lined_2, infiniplex_forest_straight_4
D:3:      minmay_razor_zed, layout_basic, cheibrodos_gnoll_hut

Skill      XL: |  1  2  3  4 |
---------------+-------------+-----
Dodging        | 1 2 |  2.1
Polearms       | 4 |  4.3
Fighting       | |  3.8
Armour         | |  2.1
Shields        | |  3.6

Action                   |  1- 3 |  4- 6 || total
-------------------------+-------+-------++-------
Melee: Trident           |    98 |    45 ||   143
  Use: Potion            |     2 |     2 ||     4
Armor: Scale mail        |     1 |       ||     1
       Leather armour    |    13 |    13 ||    26
Dodge: Dodged            |    30 |    23 ||    53
Block: Kite shield       |    47 |    29 ||    76
